 Dungeon Crawl Stone Soup version 0.28-a0-1524-ge72afd5fc6 (webtiles) character file.

Game seed: 5302964762472562385

914 a3don the Firebug (level 8, -3/61 (63) HPs)
             Began as a Hill Orc Fire Elementalist on Jan 18, 2022.
             Slain by a wight (8 damage)
             ... on level 6 of the Dungeon.
             The game lasted 00:16:53 (5539 turns).

a3don the Firebug (Hill Orc Fire Elementalist)      Turns: 5539, Time: 00:16:54

HP:   -3/61 (63)    AC:  6    Str: 11    XL:     8   Next: 9%
MP:   7/12          EV: 12    Int: 17    God:
Gold: 43            SH:  0    Dex: 11    Spells: 9/12 levels left

rFire   . . .      SeeInvis .   E - +0 quarterstaff (spect)
rCold   . . .      Faith    .   (shield currently unavailable)
rNeg    + . .      Spirit   .   L - +2 robe {rN+}
rPois   .          Reflect  .   r - +0 helmet
rElec   .          Harm     .   (no cloak)
rCorr   .          Rampage  .   g - +0 pair of gloves
Will    .....                   (no boots)
Stlth   ++........              (no amulet)
HPRegen 0.20/turn               (no ring)
MPRegen 0.13/turn               (no ring)

@: lightly drained
A: no striking features
a: no special abilities


You were on level 6 of the Dungeon.
You visited 1 branch of the dungeon, and saw 7 of its levels.

You collected 318 gold pieces.
You spent 275 gold pieces at shops.

Inventory:

Hand Weapons
 t - a +0 war axe
 u - a +0 hunting sling
 E - a +0 spectral quarterstaff (weapon)
 I - a +0 fustibalus
Missiles
 c - 2 boomerangs (quivered)
 p - 8 poisoned darts
 v - 146 stones
 F - 14 sling bullets
Armour
 g - a +0 pair of gloves (worn)
 r - a +0 helmet (worn)
 B - the +0 kite shield "Mogur" {Dex+2}
   (You found it on level 4 of the Dungeon)

   Dex:       It affects your dexterity (+2).
 L - a +2 robe of positive energy (worn)
Magical Staves
 s - a staff of air
Jewellery
 q - a ring of see invisible
 A - a ring of protection from fire
Wands
 a - a wand of polymorph (15)
Scrolls
 b - 2 scrolls of identify
 f - a scroll of enchant weapon {unknown}
 j - a scroll of magic mapping {unknown}
 o - 2 scrolls of silence
 y - 2 scrolls of brand weapon {unknown}
 D - a scroll of amnesia {unknown}
 H - a scroll of enchant armour {unknown}
Potions
 d - 2 potions of cancellation
 i - a potion of berserk rage {unknown}
 l - a potion of haste {unknown}
 m - 2 potions of lignification
 n - a potion of degeneration {unknown}
 w - a potion of mutation {unknown}
 x - 3 potions of curing
 z - a potion of attraction {unknown}
 C - 2 potions of brilliance {unknown}
 G - a potion of magic {unknown}
 J - a potion of might {unknown}
 K - 2 potions of ambrosia {unknown}
 M - a potion of heal wounds


   Skills:
 + Level 3.1 Fighting
 - Level 4.3 Axes
 * Level 1.1 Staves
 + Level 3.1 Dodging
 + Level 3.3 Stealth
 + Level 2.9 Spellcasting
 + Level 3.2 Conjurations
 + Level 5.0 Fire Magic


You had 9 spell levels left.
You knew the following spells:

 Your Spells              Type           Power      Damage    Failure   Level
a - Foxfire               Conj/Fire      64%        2x1d7     3%          1
b - Scorch                Fire           38%        2d6       3%          2

Your spell library contained the following spells:

 Spells                   Type           Power      Damage    Failure   Level
 Conjure Flame            Conj/Fire      16%        6-21      10%         3
 Inner Flame              Hex/Fire       10%        N/A       19%         3
 Dazzling Flash           Conj/Hex       16%        N/A       26%         3
 Ignite Poison            Fire/Tmut/Pois 8%         N/A       26%         3
 Flame Wave               Conj/Fire      16%        2d5       32%         4
 Mephitic Cloud           Conj/Pois/Air  6%         N/A       34%         3
 Freezing Cloud           Conj/Ice/Air   3%         6-21      97%         5
 Agony                    Necr           2%         N/A       99%         5
 Silence                  Hex/Air        1%         N/A       99%         5


Dungeon Overview and Level Annotations

Branches:
Dungeon (7/15)             Temple (0/1) D:4

Altars:
Dithmenos

Shops:
D:4 [   D:6 *


Message History

The wight is lightly damaged.
Your +0 spectral quarterstaff closely misses the wight.
The foxfire hits the wight.
The wight is lightly damaged.
The foxfire hits the wight but does no damage.
The wight is lightly damaged.
The wight closely misses you. The wight hits you with a +0 hand axe!
The wight hits your +0 spectral quarterstaff but does no damage.
You barely miss the wight.
The wight is lightly damaged.
Your +0 spectral quarterstaff hits the wight!
The wight misses you.
The wight hits your +0 spectral quarterstaff with a +0 hand axe.
Your spectral weapon shares its damage with you!
The wight barely misses you.
You barely miss the orc.
Your +0 spectral quarterstaff closely misses the orc.
The wight hits you with a +2 morningstar of freezing!
You partially resist.
You feel drained. The wight freezes you! The orc hits you but does no damage.
The orc closely misses your +0 spectral quarterstaff.
Unknown command.
There is a stone staircase leading down here.
The wight closely misses you. x2; The orc hits you with a +0 hand axe.
The wight barely misses you.
You climb downwards.
Found 10 gold pieces.
Found a stone staircase leading down.
There is a stone staircase leading up here.
The wight misses you. The wight barely misses you.
The orc hits you with a +0 hand axe.
You climb upwards.
The wight completely misses you. The wight hits you but does no damage.
There is a stone staircase leading down here.
The wight hits you with a +2 morningstar of freezing!
* * * LOW HITPOINT WARNING * * *
The wight freezes you.
* * * LOW HITPOINT WARNING * * *
The orc completely misses you.
The wight hits you with a +0 short sword!
You die...

### #$. . #.#
.. #.####...
#####+#......
. #........z#
#.# #.....[.#
...#..oz...#
#....z@z..##
#.##.......#
# #.......#
##......#
#....###
+....# #..>.#
#<...# #....#


You could see 4 wights and an orc.

Vanquished Creatures
  A wyvern (D:6)
  A sky beast (D:6)
  A centaur (D:5)
  A bullfrog (D:6)
  A scorpion (D:6)
  A wight (D:6)
  A centaur zombie (D:3)
  2 hounds (D:4)
  A jelly (D:5)
  3 iguanas
  A scorpion zombie (D:5)
  3 gnolls (D:3)
  8 adders
  An adder skeleton (D:5)
  2 worms
  4 orcs
  6 endoplasms
  3 giant cockroaches
  8 goblins
  8 hobgoblins
  4 quokkas
  12 ball pythons
  3 bats
  6 frilled lizards
  11 kobolds
  A quokka skeleton (D:4)
  4 rats
98 creatures vanquished.

Vanquished Creatures (others)
  256 foxfires
  2 fungi (D:1)
  2 plants (D:1)
260 creatures vanquished.

Grand Total: 358 creatures vanquished

Notes
Turn   | Place    | Note
-------+----------+-------------------------------------------
     0 | D:1      | a3don the Hill Orc Fire Elementalist began the quest for
                  | the Orb.
     0 | D:1      | Reached XP level 1. HP: 14/14 MP: 3/3
   344 | D:1      | Reached XP level 2. HP: 20/20 MP: 2/4
   534 | D:1      | Found a faded altar of an unknown god.
  1001 | D:2      | Reached XP level 3. HP: 26/26 MP: 2/5
  1759 | D:2      | Reached XP level 4. HP: 31/33 MP: 7/7
  1818 | D:2      | Found a shadowy altar of Dithmenos.
  2270 | D:2      | Learned a level 2 spell: Scorch
  2679 | D:3      | Reached XP level 5. HP: 39/39 MP: 5/8
  2697 | D:3      | Reached skill level 1 in Axes
  2697 | D:3      | Reached skill level 4 in Fire Magic
  2769 | D:3      | Reached skill level 1 in Fighting
  3348 | D:4      | Found Yror's Armour Shop.
  3361 | D:4      | Reached XP level 6. HP: 47/47 MP: 3/9
  3580 | D:4      | Identified the +0 kite shield "Mogur" {Dex+2}
  3611 | D:4      | Found a staircase to the Ecumenical Temple.
  4010 | D:5      | Entered Level 5 of the Dungeon
  4299 | D:5      | Reached XP level 7. HP: 31/55 MP: 3/10
  4949 | D:6      | Noticed a wyvern
  4957 | D:6      | Killed a wyvern
  5096 | D:6      | Found Fizxal's Hallowed Reliquary.
  5101 | D:6      | Noticed an angel
  5107 | D:6      | Bought a +2 robe of positive energy for 205 gold pieces
  5107 | D:6      | Bought a potion of heal wounds for 70 gold pieces
  5526 | D:6      | Reached skill level 1 in Staves
  5526 | D:6      | Reached XP level 8. HP: 63/63 MP: 8/12
  5530 | D:6      | Reached skill level 5 in Fire Magic
  5539 | D:6      | Slain by a wight

Illustrated notes

Levels and vault maps discovered:
D:1:      eino_arrival_druids_welcome, layout_basic,
          shapermc_ecumenical_altar_acropolis
D:2:      layout_basic, basic_altar, minmay_domino_4
D:3:      layout_basic
D:4:      layout_rooms, minmay_temple_entry_poolview, serial_shops,
          nicolae_take_the_stairs, amethyst_killhole
D:5:      layout_rooms, minmay_misc_feat_alley
D:6:      layout_basic, nicolae_gozag_cash_rules_everything_around_me,
          nicolae_good_shop
D:7:      layout_basic

Skill      XL: |  1  2  3  4  5  6  7  8 |
---------------+-------------------------+-----
Stealth        | 2 3 |  3.3
Dodging        | 2 3 |  3.1
Spellcasting   | 2 |  2.9
Conjurations   | 2 3 |  3.2
Axes           | 2 3 4 |  4.3
Fire Magic     | 4 5 |  5.0
Fighting       | 1 2 3 |  3.1
Staves         | 1 |  1.1

Action                   |  1- 3 |  4- 6 |  7- 9 || total
-------------------------+-------+-------+-------++-------
Melee: Unarmed           |     6 |       |       ||     6
       Club              |    10 |       |       ||    10
       Dagger            |    11 |       |       ||    11
       Hand axe          |     9 |    27 |       ||    36
       War axe           |       |     9 |       ||     9
       Quarterstaff      |       |     5 |    15 ||    20
Throw: Boomerang         |       |     1 |       ||     1
 Cast: Foxfire           |    41 |    81 |    23 ||   145
       Scorch            |       |     6 |     3 ||     9
  Use: Scroll            |       |       |     4 ||     4
 Stab: Sleeping          |     1 |     1 |       ||     2
       Distracted        |       |     1 |       ||     1
Armor: Robe              |     6 |    12 |     3 ||    21
Dodge: Dodged            |    28 |    55 |    15 ||    98

Table legend: (Time is in decaauts)
 A = Elapsed time spent in this place.
 B = Non-inter-level travel time spent in this place.
 C = Inter-level travel time spent in this place.
 D = Time resting spent in this place.
 E = Time spent auto-exploring this place.
 F = Levels seen in this place.
 G = Mean time per level.
                   A        B        C        D        E       F      G
               +--------+--------+--------+--------+--------+-----+--------+
         Total |   5560 |   5357 |    203 |    682 |   3687 |   7 |  794.3 |
       Dungeon |   5560 |   5357 |    203 |    682 |   3687 |   7 |  794.3 |
               +--------+--------+--------+--------+--------+-----+--------+

Top non-repeatable levels by time:
     D:2: 1310 daAuts
     D:4: 950 daAuts
     D:5: 925 daAuts
     D:1: 903 daAuts
     D:3: 861 daAuts
     D:6: 608 daAuts
     D:7: 1 daAuts
